 Dungeon Crawl Stone Soup version 0.18-a0-1323-g706dcef (webtiles) character file.

46 M4edhros the Sneak (level 3, -4/23 HPs)
             Began as an Octopode Artificer on Feb 15, 2016.
             Was an Initiate of Gozag.
             Slain by Natasha (7 damage)
             ... on level 2 of the Dungeon.
             The game lasted 00:02:06 (1236 turns).

M4edhros the Sneak (Octopode Artificer)             Turns: 1236, Time: 00:02:06

Health: -4/23      AC:  1    Str: 10    XL:     3   Next: 68%
Magic:  5/5        EV: 12    Int: 15    God:    Gozag
Gold:   101        SH:  0    Dex: 12    Spells: 0 memorised, 2 levels left

rFire  . . .     SeeInvis .     a - +0 short sword
rCold  . . .     Gourm    .     (no shield)
rNeg   . . .     Faith    .     (helmet restricted)
rPois  .         Spirit   .     n - amulet of magic regeneration
rElec  .         Dismiss  .     g - ring of resist corrosion
rCorr  +         Reflect  .     (no ring)
SustAt .         Harm     .     (no ring)
MR     .....                    (no ring)
Stlth  ++++......               (no ring)
                                (no ring)
                                (no ring)
                                (no ring)

@: not resistant to hostile enchantments, stealthy
A: almost no armour, amphibious, 8 rings, constrict 8, camouflage 1, gelatinous
body 1
a: Potion Petition, Call Merchant, Bribe Branch, Renounce Religion


You were on level 2 of the Dungeon.
You worshipped Gozag.
Gozag was noncommittal.
You were hungry.

You visited 1 branch of the dungeon, and saw 3 of its levels.

You collected 122 gold pieces.
You paid 21 gold pieces to Gozag.

Inventory:

Hand Weapons
 a - a +0 short sword (weapon)
 p - a +0 blowgun
Missiles
 j - 60 stones (quivered)
 o - 33 sling bullets
Jewellery
 g - a ring of resist corrosion (left tentacle)
 n - an amulet of magic regeneration (around mantle)
Wands
 b - a wand of flame (15/48)
 c - a wand of enslavement (14/24)
 d - a wand of random effects (15/48)
Scrolls
 e - 2 scrolls of enchant weapon {unknown}
 k - a scroll of remove curse {unknown}
 l - a scroll of magic mapping {unknown}
 s - a scroll of recharging {unknown}
 u - a scroll of immolation {unknown}
 v - a scroll of amnesia {unknown}
Potions
 h - 2 potions of curing {unknown}
 i - 2 potions of might {unknown}
 r - a potion of agility {unknown}
 t - a potion of cancellation {unknown}
Comestibles
 f - 3 bread rations
 m - a beef jerky
 q - 3 fruits


   Skills:
 - Level 1.0 Fighting
 - Level 1.0 Short Blades
 - Level 2.0 Dodging
 + Level 5.0 Stealth
 - Level 3.2 Evocations


You had 2 spell levels left.
You didn't know any spells.

Dungeon Overview and Level Annotations

Branches:
Dungeon (3/15)

Altars:
Gozag

Annotations:
D:2 Natasha


Innate Abilities, Weirdness & Mutations

You cannot wear most types of armour.
You are amphibious.
You can wear up to eight rings at the same time.
You can use your tentacles to constrict eight enemies at once.
Your skin changes colour to match your surroundings (Stealth).
Your rubbery body absorbs attacks (AC +1).


Message History

Natasha is nearby!
Found a stone staircase leading down.
Natasha hisses angrily.
Natasha extends her claws.
Natasha casts a spell at you. The magic dart hits you! Natasha claws you!
* * * LOW HITPOINT WARNING * * *
You are too injured to fight recklessly!
You are too injured to fight recklessly!
Drink which item? (? for menu, Esc to quit)
Okay, then.
Evoke which item? (* to show all) (? for menu, Esc to quit)
Zapping:
c - a wand of enslavement (15/24)
Press: ? - help, Shift-Dir - straight line, f - Natasha
Aim: Natasha (chance to defeat MR: 52%) Natasha resists with significant effort.
This wand has 14 charges left.
Natasha claws you!
You die...
Your body crumbles into a pile of gold.

#### ...## # #...
#.####..# >..#..### #
#.##h.....#.# #
#....@..#.#.# ##.
######.##.#.# ..######
#.....$## #.....#
#.......#
#.....####.##.##.#
#........#.##..#
#.....##<#..##.#
######.....##.#...#.#.#
...........##.........#


You could see Natasha.

Vanquished Creatures
  An adder (D:2)
  An ooze (D:3)
  A worm (D:3)
  A giant gecko (D:1)
  6 bats
  4 goblins
  A hobgoblin (D:2)
  2 jackals (D:2)
  3 kobolds
  2 quokkas
  A giant newt (D:2)
  4 rats
27 creatures vanquished.

Notes
Turn   | Place    | Note
--------------------------------------------------------------
     0 | D:1      | M4edhros the Octopode Artificer began the quest for the Orb.
     0 | D:1      | Reached XP level 1. HP: 13/13 MP: 3/3
   338 | D:2      | Reached XP level 2. HP: 9/18 MP: 4/4
   509 | D:3      | Reached skill level 4 in Stealth
   515 | D:3      | Reached XP level 3. HP: 21/23 MP: 5/5
   611 | D:3      | Found an opulent altar of Gozag.
   644 | D:3      | Became a worshipper of Gozag Ym Sagoz the Greedy
  1203 | D:2      | Reached skill level 5 in Stealth
  1230 | D:2      | Noticed Natasha
  1236 | D:2      | Slain by Natasha

Vault maps used:
D:1:      tarquinn_simple_flora_water_e
D:2:      fedhas_altar_fruit_tree, uniq_natasha
D:3:      elyvilon_altar_5, marbit_many_paths, nicolae_overflow_hidden_temple

Action                   || total
-------------------------++-------
Melee: Short sword       ||    55
Evoke: Wand              ||     1
  Use: Potion            ||     2
 Stab: Sleeping          ||    12
